 Dungeon Crawl Stone Soup version 0.28-a0-230-g086cc6695f (webtiles) character file.

Game seed: 8830016756655396252

2532 fkvnlks the Geomancer (level 9, -29/49 HPs)
             Began as a Gargoyle Earth Elementalist on Aug 22, 2021.
             Was an Initiate of Vehumet.
             Annihilated by an orc knight (48 damage)
             ... in a bailey.
             The game lasted 00:19:00 (7475 turns).

fkvnlks the Geomancer (Gargoyle Earth Elementalist) Turns: 7475, Time: 00:19:01

Health: -29/49     AC: 13    Str: 20    XL:     9   Next: 55%
Magic:  7/18       EV: 13    Int: 21    God:    Vehumet [......]
Gold:   119        SH:  0    Dex: 16    Spells: 16/20 levels left

rFire   + . .      SeeInvis .   j - +2 short sword (elec)
rCold   + + .      Faith    .   (no shield)
rNeg    + + .      Spirit   .   n - +0 robe {rC+}
rPois   ∞          Reflect  .   q - +1 helmet
rElec   +          Harm     .   f - scarf {rC+ rF+}
rCorr   .          Rampage  .   e - +0 pair of gloves
Will    .....                   s - +0 pair of boots of Prudence {Fly rN+ Int+2}
Stlth   ++........              (no amulet)
HPRegen 0.16/turn               r - +6 ring of strength
MPRegen 0.16/turn               y - +6 ring of dexterity

@: flying, studying Conjurations
A: sickness immunity, AC +6, negative energy resistance 1, electricity
resistance, torment resistance 1, petrification resistance, sense surroundings
1, strong 1, sturdy frame 1
a: Renounce Religion


You were in a bailey.
You worshipped Vehumet.
Vehumet was noncommittal.
You visited 2 branches of the dungeon, and saw 8 of its levels.
You also visited: Ossuary and Bailey.

You collected 888 gold pieces.
You spent 769 gold pieces at shops.

Inventory:

Hand Weapons
 j - a +2 short sword of electrocution (weapon)
 m - a +0 flail
 v - a +1 morningstar of distortion
 D - the +7 spear "Qaduludgh" {speed, rF- rC+++ Str+6 Int-3}
   (You found it on level 7 of the Dungeon)

   Attacks with this weapon are significantly faster.
   Str:       It affects your strength (+6).
   Int:       It affects your intelligence (-3).
   rF:        It makes you vulnerable to fire.
   rC:        It renders you almost immune to cold.
Missiles
 c - 31 stones
Armour
 e - a +0 pair of gloves (worn)
 f - a scarf of resistance (worn)
 n - a +0 robe of cold resistance (worn)
 q - a +1 helmet (worn)
 s - the +0 pair of boots of Prudence (worn) {Fly rN+ Int+2}
   (You bought it in a shop on level 1 of the Dungeon)

   Int:       It affects your intelligence (+2).
   rN:        It protects you from negative energy.
   Fly:       It grants you flight.
Jewellery
 o - a ring of ice
 r - a +6 ring of strength (left hand)
 u - a ring of wizardry
 y - a +6 ring of dexterity (right hand)
Wands
 a - a wand of flame (8)
Scrolls
 b - a scroll of fog
 k - 6 scrolls of teleportation
 p - 2 scrolls of blinking
 t - a scroll of amnesia
 C - 2 scrolls of immolation
Potions
 d - 4 potions of lignification
 g - 6 potions of curing
 h - a potion of ambrosia {unknown}
 i - a potion of heal wounds
 l - 3 potions of flight
 w - a potion of invisibility
 x - 4 potions of attraction
 z - 2 potions of haste
 B - a potion of resistance


   Skills:
 + Level 2.9 Fighting
 + Level 2.5 Maces & Flails
 + Level 2.9 Armour
 + Level 2.8 Dodging
 - Level 2.1 Stealth
 + Level 6.1 Spellcasting
 + Level 7.2 Conjurations
 - Level 0.7 Transmutations
 + Level 8.4 Earth Magic
 + Level 2.3 Evocations


You had 16 spell levels left.
You knew the following spells:

 Your Spells              Type           Power      Damage    Failure   Level
a - Sandblast             Erth           82%        2d17      1%          1
b - Stone Arrow           Conj/Erth      78%        3d11      1%          3

Your spell library contained the following spells:

 Spells                   Type           Power      Damage    Failure   Level
 Passwall                 Tmut/Erth      20%        N/A       2%          2
 Petrify                  Tmut/Erth      25%        N/A       14%         4
 Summon Forest            Summ/Tloc      3%         N/A       95%         5
 Summon Mana Viper        Hex/Summ       6%         N/A       95%         5
 Shadow Creatures         Summ           N/A        N/A       100%        6


Dungeon Overview and Level Annotations

Branches:
Dungeon (7/15)             Temple (1/1) D:6         Ossuary (visited)
 Bailey (1/1)

Altars:
Cheibriados
Dithmenos
Fedhas
Vehumet
Yredelemnul

Shops:
D:1 *:([[   D:4 *   D:5 (


Innate Abilities, Weirdness & Mutations

You are immune to sickness and miasma.
Your stone body is resilient. (AC +6)
You are immune to poison.
You resist negative energy. (rN+)
You are resistant to electric shocks. (rElec)
You are resistant to unholy torment.
You are immune to petrification.
You passively map a small area around you.
Your muscles are strong. (Str +2)
Your movements are slightly less encumbered by armour. (ER -2)


Message History

The bolt closely misses you.
An orc knight comes into view. It is wielding a +0 bardiche.
Magic courses through your body.
The orc warrior shoots a bolt.
The bolt barely misses you.
The orc knight roars a battlecry!
Casting: Sandblast (safe; 1% risk of failure)
Confirm with . or Enter, or press ? or * to list all spells.
Aiming: Stone Arrow (safe; 1% risk of failure)
Press: ? - help, Shift-Dir - straight line, f/p - orc warrior
Aim: an orc warrior, wielding a +0 arbalest, wearing a +0 chain mail and quivering bolts (heavily wounded, strong, 71% to hit)
The stone arrow hits the orc warrior!
The orc warrior is almost dead.
The orc no longer looks unusually strong.
Casting: Stone Arrow (safe; 1% risk of failure)
Confirm with . or Enter, or press ? or * to list all spells.
Aiming: Stone Arrow (safe; 1% risk of failure)
Press: ? - help, Shift-Dir - straight line, f/p - orc warrior
Aim: an orc warrior, wielding a +0 arbalest, wearing a +0 chain mail and quivering bolts (almost dead, strong, 71% to hit)
The stone arrow hits the orc warrior!!
You kill the orc warrior!
Vehumet accepts your kill.
Casting: Stone Arrow (safe; 1% risk of failure)
Confirm with . or Enter, or press ? or * to list all spells.
Aiming: Stone Arrow (safe; 1% risk of failure)
Press: ? - help, Shift-Dir - straight line, f - orc knight
Aim: an orc knight, wielding a +0 bardiche and wearing a +0 chain mail (strong, 71% to hit)
The stone arrow misses the orc knight.
The orc knight hits you from afar with a +0 bardiche!!
Ouch! That really hurt!
Casting: Stone Arrow (safe; 1% risk of failure)
Confirm with . or Enter, or press ? or * to list all spells.
Aiming: Stone Arrow (safe; 1% risk of failure)
Press: ? - help, Shift-Dir - straight line, f/p - orc knight
Aim: an orc knight, wielding a +0 bardiche and wearing a +0 chain mail (strong, 71% to hit)
The stone arrow hits the orc knight!
The orc knight is lightly wounded.
The orc no longer looks unusually strong.
The orc knight hits you from afar with a +0 bardiche!!!
Ouch! That really hurt!
You die...

### * * * ##∩## *
, , ,,*#@).# ,
#..o# ,
≈≈o≈≈.).....≈≈o≈≈
, ≈.oo§.......≈oo
≈≈o≈≈.......≈≈o≈
,
,.≈≈≈..#...#..≈≈≈
.....##...##....,
##### ##∩## ####
## *


You could see an orc knight (strong), an orc warrior (strong) and 2 orcs.

Vanquished Creatures
  A hornet (D:7)
  Sigmund (D:2)
  A yak (D:5)
  Menkaure (D:6)
  2 orc warriors (Bailey)
  A sky beast (D:7)
  4 ogres
  A necrophage (D:6)
  The ghost of rayg00n the Magician, an amateur TeWz (D:3)
  5 scorpions
  A wight (D:7)
  3 bullfrog zombies
  3 hounds
  3 orc priests (D:5)
  A bullfrog skeleton (D:5)
  2 centaur skeletons
  5 iguanas
  A killer bee zombie (D:6)
  13 mummies (Ossuary)
  A howler monkey zombie (D:3)
  A gnoll (D:5)
  3 adders
  A shadow imp (D:3)
  An ufetubus (D:6)
  5 worms
  2 dart slugs
  2 orcs
  2 ball pythons (D:4)
  2 endoplasms
  A giant cockroach (D:4)
  5 hobgoblins
  4 bats
  6 frilled lizards
  5 goblins
  3 goblin skeletons (Ossuary)
  5 kobolds
  4 kobold skeletons (Ossuary)
  An orc skeleton (Ossuary)
  4 rats
  11 rat skeletons (Ossuary)
119 creatures vanquished.

Notes
Turn   | Place    | Note
-------+----------+-------------------------------------------
     0 | D:1      | fkvnlks the Gargoyle Earth Elementalist began the quest for
                  | the Orb.
     0 | D:1      | Reached XP level 1. HP: 10/10 MP: 3/3
   110 | D:1      | Found Feadam's Antique Armour Shoppe.
   346 | D:1      | Reached XP level 2. HP: 15/15 MP: 5/5
   371 | D:1      | Reached skill level 4 in Earth Magic
   506 | D:1      | Found Pocener's Antique Armour Shop.
   597 | D:1      | Found Xaodeef's Book Shop.
   834 | D:1      | Found a faded altar of an unknown god.
  1346 | D:1      | Found Kumpiy's General Store.
  1354 | D:1      | Bought a potion of curing for 33 gold pieces
  1368 | D:1      | Found Rafy's Antique Weapon Shoppe.
  1479 | D:2      | Found a blossoming altar of Fedhas.
  1500 | D:2      | Reached XP level 3. HP: 19/19 MP: 2/7
  1505 | D:2      | Learned a level 3 spell: Stone Arrow
  1686 | D:2      | Noticed Sigmund
  1700 | D:2      | Killed Sigmund
  1701 | D:2      | Reached skill level 5 in Earth Magic
  1701 | D:2      | Reached XP level 4. HP: 18/24 MP: 0/9
  1701 | D:2      | Reached XP level 5. HP: 21/28 MP: 0/10
  2427 | D:3      | Found a transporter.
  2427 | D:3      | Noticed rayg00n's ghost (amateur TeWz)
  2441 | D:3      | Found a transporter.
  2779 | D:4      | Noticed an ogre
  2784 | D:4      | Killed an ogre
  2785 | D:4      | Reached XP level 6. HP: 32/32 MP: 3/11
  2863 | D:4      | Reached skill level 6 in Earth Magic
  3131 | D:4      | Gained mutation: Your movements are slightly less
                  | encumbered by armour. (ER -2) [potion of mutation]
  3131 | D:4      | Gained mutation: Your muscles are strong. (Str +2) [potion
                  | of mutation]
  3131 | D:4      | Gained mutation: You passively map a small area around you.
                  | [potion of mutation]
  3205 | D:4      | Found Bisino Jiec's Assorted Antiques.
  3695 | D:5      | Entered Level 5 of the Dungeon
  3701 | D:5      | Reached XP level 7. HP: 29/36 MP: 13/13
  3824 | D:5      | Identified a scroll of acquirement
  3824 | D:5      | Acquired 584 gold pieces
  4197 | D:5      | Reached skill level 7 in Earth Magic
  4418 | D:5      | Noticed a yak
  4436 | D:5      | Killed a yak
  4437 | D:5      | Reached skill level 5 in Spellcasting
  4437 | D:5      | Reached skill level 5 in Conjurations
  4437 | D:5      | Reached XP level 8. HP: 17/41 MP: 10/15
  4911 | D:5      | Found Anlumirr's Weapon Shop.
  5170 | D:1      | Bought a pair of faintly glowing boots for 247 gold pieces
  5170 | D:1      | Identified the +0 pair of boots of Prudence {Fly rN+ Int+2}
                  | (You bought it in a shop on level 1 of the Dungeon)
  5278 | D:4      | Bought a scroll of blinking for 172 gold pieces
  5278 | D:4      | Bought a scroll of teleportation for 69 gold pieces
  5278 | D:4      | Bought a peridot ring for 115 gold pieces
  5399 | D:1      | Bought a runed morningstar for 133 gold pieces
  5528 | D:3      | Killed rayg00n's ghost
  5531 | D:3      | Reached skill level 1 in Armour
  5691 | D:6      | Reached skill level 1 in Fighting
  5793 | D:6      | Reached skill level 1 in Maces & Flails
  5793 | D:6      | Reached skill level 1 in Evocations
  6101 | D:6      | Found a sand-covered staircase.
  6113 | Ossuary  | Entered an ossuary
  6238 | Ossuary  | Reached skill level 8 in Earth Magic
  6352 | Ossuary  | Reached XP level 9. HP: 48/48 MP: 17/17
  6829 | D:6      | Noticed Menkaure
  6838 | D:6      | Killed Menkaure
  7162 | D:6      | Found a staircase to the Ecumenical Temple.
  7176 | Temple   | Entered the Ecumenical Temple
  7190 | Temple   | Became a worshipper of Vehumet
  7369 | D:7      | Found a flagged portal.
  7377 | D:7      | Identified the +7 spear "Qaduludgh" {speed, rF- rC+++ Str+6
                  | Int-3}
  7413 | D:7      | Noticed a hornet
  7423 | D:7      | Killed a hornet
  7432 | Bailey   | Entered a bailey
  7432 | Bailey   | Noticed an orc knight
  7433 | Bailey   | Noticed an orc knight
  7470 | Bailey   | Noticed an orc knight
  7475 | Bailey   | Annihilated by an orc knight

Illustrated notes

Levels and vault maps discovered:
D:1:      zelgadis_glass_arrival_small, layout_loops_corners,
          hellmonk_ecumenical_altar_run_dry, serial_shops, shop,
          nicolae_lakefront_shop, shop, shop, shop
D:2:      layout_loops_ring, basic_altar, uniq_sigmund
D:3:      layout_rooms, gammafunk_ghost_mausoleum
D:4:      layout_loops_cross, serial_shops, nicolae_shop_statue_plus,
          minmay_distorted
D:5:      layout_rooms, serial_shops, nicolae_shop_competitors_out_of_business,
          minmay_manual_mess
D:6:      layout_loops_ring, minmay_temple_entry_glassed_door, serial_rivers,
          chequers_serial_rivers_micro_b, chequers_serial_rivers_micro_a,
          chequers_serial_rivers_marsh, chequers_serial_rivers_micro_e,
          enter_ossuary_1, uniq_menkaure
D:7:      layout_basic, enter_bailey_2
Temple:   regret_index_temple_sigil_plot
Bailey:   bailey_polearm_4, bailey

Skill      XL: |  1  2  3  4  5  6  7  8  9 |
---------------+----------------------------+-----
Earth Magic    | 4 5 6 7 8 |  8.4
Spellcasting   | 3 4 5 6 |  6.1
Conjurations   | 2 3 5 6 7 |  7.2
Armour         | 1 2 |  2.9
Fighting       | 1 2 |  2.9
Maces & Flails | 1 2 |  2.5
Evocations     | 1 2 |  2.3
Dodging        | 2 |  2.8
Stealth        | |  2.1
Transmutations | |  0.7

Action                   |  1- 3 |  4- 6 |  7- 9 || total
-------------------------+-------+-------+-------++-------
Melee: Mace              |    56 |       |       ||    56
       Unarmed           |     5 |       |       ||     5
       Short sword       |       |    53 |   161 ||   214
 Cast: Sandblast         |    16 |     6 |    52 ||    74
       Stone Arrow       |       |     2 |    13 ||    15
Evoke: Wand              |       |       |    16 ||    16
  Use: Scroll            |     4 |     6 |    10 ||    20
       Potion            |       |     1 |     3 ||     4
 Stab: Sleeping          |     5 |     1 |     8 ||    14
Armor: Robe              |    25 |    12 |    62 ||    99
Dodge: Dodged            |    31 |    18 |   123 ||   172

Table legend: (Time is in decaauts)
 A = Elapsed time spent in this place.
 B = Non-inter-level travel time spent in this place.
 C = Inter-level travel time spent in this place.
 D = Time resting spent in this place.
 E = Time spent auto-exploring this place.
 F = Levels seen in this place.
 G = Mean time per level.
                   A        B        C        D        E       F      G
               +--------+--------+--------+--------+--------+-----+--------+
         Total |   7521 |   6927 |    594 |    242 |   5409 |  10 |  752.1 |
       Dungeon |   6892 |   6305 |    587 |    242 |   5030 |   7 |  984.6 |
        Temple |     21 |     14 |      7 |      0 |      5 |   1 |   21.0 |
       Ossuary |    563 |    563 |      0 |      0 |    374 |   1 |  563.0 |
        Bailey |     43 |     43 |      0 |      0 |      0 |   1 |   43.0 |
               +--------+--------+--------+--------+--------+-----+--------+

Top non-repeatable levels by time:
     D:1: 1751 daAuts
     D:5: 1412 daAuts
     D:6: 1127 daAuts
     D:2: 1028 daAuts
     D:4: 953 daAuts
 Ossuary: 563 daAuts
     D:3: 556 daAuts
     D:7: 62 daAuts
  Bailey: 43 daAuts
  Temple: 21 daAuts
